 Dungeon Crawl Stone Soup version 0.15.0-12-gccce430 (console) character file.

207 gw the Cudgeler (level 5, -3/47 HPs)
             Began as a Minotaur Berserker on Sept 2, 2014.
             Was a Priest of Trog.
             Killed by divine providence
             ... invoked by an orc priest
              (7 damage)
             ... on Level 3 of the Dungeon.
             The game lasted 00:01:22 (3649 turns).

gw the Cudgeler (Minotaur Berserker)                Turns: 3649, Time: 00:01:22

HP  -3/47        AC 10     Str 21      XL: 5   Next: 54%
MP   2/2         EV  7     Int  4      God: Trog [***...]
Gold 0           SH  0     Dex 11      Spells:  0 memorised,  4 levels left

rFire  + . .     SeeInvis .     a - +0 mace
rCold  . . .     Clarity  .     i - +1 chain mail {rF+}
rNeg   . . .     rCorr    .     (no shield)
rPois  .         rRot     .     (helmet restricted)
rElec  .         Spirit   .     (no cloak)
SustAb .         Warding  .     (no gloves)
rMut   .         Stasis   .     (no boots)
Gourm  .                        (no amulet)
MR     ++...                    (no ring)
                                (no ring)

@: regenerating, very resistant to hostile enchantments, extremely unstealthy
A: retaliatory headbutt, horns 2
a: Burn Spellbooks, Berserk, Trog's Hand, Renounce Religion


You were on level 3 of the Dungeon.
You worshipped Trog.
Trog was most pleased with you.
You were hungry.

You visited 1 branch of the dungeon, and saw 3 of its levels.

Inventory:

Hand weapons
 a - a +0 mace (weapon)
Missiles
 e - 64 stones (quivered)
Armour
 i - a +1 chain mail of fire resistance (worn)
Comestibles
 c - 2 bread rations
 h - 3 meat rations
 n - 2 fruits
Scrolls
 d - a scroll of amnesia
 g - 2 scrolls of recharging
 j - 2 scrolls of remove curse
 k - 2 scrolls of identify
Potions
 b - 2 potions of restore abilities


   Skills:
 + Level 4.3 Fighting
 * Level 5.4 Maces & Flails
 + Level 2.7 Throwing
 + Level 3.7 Armour
 - Level 2.1 Dodging


You had 4 spell levels left.
You didn't know any spells.

Dungeon Overview and Level Annotations

Branches:
Dungeon (3/15)

Altars:
Trog


Innate Abilities, Weirdness & Mutations

You reflexively headbutt those who attack you in melee.
You have a pair of horns on your head.


Message History

MOVING TO (0,6) MOVING TO (0,5) MOVING TO (0,4) MOVING TO (0,3) MOVING TO (0,2) MOVING TO (0,1) Use which ability? (? or * to list)
Your ogre goes berserk!
You feel somewhat more hungry.
You can no longer call in reinforcements.
The orc barely misses you.
Use which ability? (? or * to list)
Your skin crawls.
You feel resistant to hostile enchantments.
You feel slightly more hungry. The orc hits you but does no damage.
ATTACKING (0,-1)
You closely miss the orc.
The orc priest calls down the wrath of Beogh upon you.
Something smites you!
You die...

#....o...o.........
##.#######.########
#o# #####.# # #.#
#.....# ###### #.#
#.....###..... #o#
#.........#### #o#
#.....##### # #o#
#.....# #H# ###(#.#
#O# #.#.# #.# #.#.#
#.#####.#.#
#.#.....#.########
#.#.#####.##......
#.#.#.........####
#.#.#.........#
#.).<.........#


You could see an orc priest, 3 orcs and a friendly ogre (berserk).

Table legend:
 A = Turns spent in this place as a percentage of turns spent in the entire game.
 B = Non-inter-level travel turns spent in this place as a percentage of non-inter-level travel turns spent in the entire game.
 C = Inter-level travel turns spent in this place as a percentage of turns spent in this place.
 D = Turns resting spent in this place as a percentage of non-inter-level travel turns spent in this place.
 E = Turns spent auto-exploring this place as a percentage of non-inter-level travel turns spent in this place.
 F = Non-inter-level travel turns spent in this place divided by the number of levels of this place that you've seen.
                   A       B       C       D       E      F
               +-------+-------+-------+-------+-------+----------------------
         Total | 100.0 | 100.0 |   0.7 |   7.4 |  24.1 | 235.0
       Dungeon | 100.0 | 100.0 |   0.7 |   7.4 |  24.1 | 235.0
               +-------+-------+-------+-------+-------+----------------------

Table legend:
 A = Kills in this place as a percentage of kills in entire the game.
 B = Kills by you in this place as a percentage of kills by you in the entire game.
 C = Kills by friends in this place as a percentage of kills by friends in the entire game.
 D = Other kills in this place as a percentage of other kills in the entire game.
 E = Experience gained in this place as a percentage of experience gained in the entire game.
 F = Experience gained in this place divided by the number of levels of this place that you have seen.
                   A       B       C       D       E      F
               +-------+-------+-------+-------+-------+----------------------
         Total | 100.0 | 100.0 |  -nan |  -nan | 100.0 |  99.0
       Dungeon | 100.0 | 100.0 |  -nan |  -nan | 100.0 |  99.0
               +-------+-------+-------+-------+-------+----------------------

Vanquished Creatures
  Terence (D:2)
  9 adders
  A gnoll (D:1)
  2 worms (D:2)
  A giant mite (D:1)
  3 giant geckos
  2 orcs (D:3)
  7 giant cockroaches
  6 goblins
  12 hobgoblins
  7 jackals
  11 kobolds
  3 quokkas (D:2)
  4 bats
  4 giant newts
  12 rats
85 creatures vanquished.

Notes
Turn   | Place    | Note
--------------------------------------------------------------
     0 | D:1      | gw, the Minotaur Berserker, began the quest for the Orb.
     0 | D:1      | Reached XP level 1. HP: 19/19 MP: 1/1
   107 | D:1      | Reached skill level 4 in Maces & Flails
   107 | D:1      | Reached XP level 2. HP: 25/27 MP: 1/1
   286 | D:1      | Reached skill level 1 in Throwing
   505 | D:1      | Reached XP level 3. HP: 28/33 MP: 2/2
   615 | D:1      | Acquired Trog's second power
  1638 | D:2      | Reached XP level 4. HP: 26/40 MP: 2/2
  1892 | D:2      | Reached skill level 5 in Maces & Flails
  2007 | D:2      | Noticed Terence
  2031 | D:2      | Killed Terence
  2076 | D:2      | Found a bloodstained altar of Trog.
  2453 | D:3      | Reached XP level 5. HP: 46/46 MP: 2/2
  2993 | D:3      | Acquired Trog's third power
  3639 | D:3      | HP: 1/47 [orc priest/divine providence (16)]
  3649 | D:3      | Killed from afar by an orc priest

Action                   |  1- 3 |  4- 6 || total
-------------------------+-------+-------++-------
Melee: Mace              |    53 |   127 ||   180
Throw: Stone             |    75 |   105 ||   180
Invok: Trog's Hand       |       |     1 ||     1
       Brothers in Arms  |       |     1 ||     1
  Use: Scroll            |     6 |     4 ||    10
       Potion            |     1 |     2 ||     3
  Eat: Chunk             |     2 |     6 ||     8

Vault maps used:
D:1:      evilmike_arrival_fibonacci_small
D:2:      bloody_trog, st_stairs_11, uniq_terence
D:3:      first_bread
